 Dungeon Crawl Stone Soup version 0.16-a0-296-gbdb9f68 (webtiles) character file.

18 Ololoev the Insei (level 2, -1/18 HPs)
             Began as an Octopode Transmuter on Aug 29, 2014.
             Slain by a worm (9 damage)
             ... on Level 2 of the Dungeon.
             The game lasted 00:01:53 (1080 turns).

Ololoev the Insei (Octopode Transmuter)             Turns: 1080, Time: 00:01:53

HP  -1/18        AC  1     Str  9      XL: 2   Next: 70%
MP   4/5         EV 12     Int 15      God:
Gold 52          SH  0     Dex 12      Spells:  2 memorised,  3 levels left

rFire  . . .     SeeInvis .       - Unarmed
rCold  . . .     Clarity  .     (no shield)
rNeg   . . .     rCorr    .     (helmet restricted)
rPois  .         rRot     .     (no amulet)
rElec  .         Spirit   .     (no ring)
SustAb .         Warding  .     (no ring)
rMut   .         Stasis   .     (no ring)
Gourm  .                        (no ring)
MR     .....                    (no ring)
                                (no ring)
                                (no ring)
                                (no ring)

@: appendage, not resistant to hostile enchantments, unstealthy
A: almost no armour, amphibious, 8 rings, constrict 8, tentacle spike 3,
camouflage 1, gelatinous body 1
a: End Transformation


You were on level 2 of the Dungeon.
You were hungry.
One of your tentacles had a temporary spike.
You visited 1 branch of the dungeon, and saw 2 of its levels.

You collected 52 gold pieces.

Inventory:

Missiles
 b - 38 arrows
Comestibles
 a - a bread ration
 c - a beef jerky
Scrolls
 e - 2 scrolls of identify {unknown}
 f - a scroll of fear {unknown}
 g - a scroll of magic mapping {unknown}
 i - a scroll of teleportation {unknown}
 k - a scroll of noise {unknown}
Jewellery
 h - a cursed ring of loudness {unknown}
Potions
 j - a potion of brilliance {unknown}
Books
 d - a book of Changes

   Spells                             Type                      Level
   *Beastly Appendage                 Transmutation                1
   *Sticks to Snakes                  Transmutation                2
   Spider Form                        Transmutation/Poison         3
   Ice Form                           Ice/Transmutation            4
   Blade Hands                        Transmutation                5


   Skills:
 - Level 1.0 Fighting
 - Level 2.0 Dodging
 - Level 3.0 Unarmed Combat
 + Level 2.6 Spellcasting
 + Level 2.5 Transmutations


You had 3 spell levels left.
You knew the following spells:

 Your Spells              Type           Power        Failure   Level  Hunger
a - Beastly Appendage     Trmt           #.....       10%         1    #......
b - Sticks to Snakes      Trmt           #.........   12%         2    ##.....


Dungeon Overview and Level Annotations

Branches:
Dungeon (2/15)

Altars:


Innate Abilities, Weirdness & Mutations

You cannot wear most types of armour.
You are amphibious.
You can wear up to eight rings at the same time.
You can use your tentacles to constrict many enemies at once.
Your skin changes colour to match your surroundings (Stealth).
Your rubbery body absorbs attacks (AC +1).
One of your tentacles bears a large vicious spike.


Message History

Confirm with . or Enter, or press ? or * to list all spells.
One of your tentacles grows a vicious spike.
A worm comes into view.
Found 15 gold pieces.
The quokka bites you. x2
You tentacle-slap the quokka but do no damage.
Your grab misses the quokka.
Your tentacle spike misses the quokka.
The quokka closely misses you.
You miss the quokka. You grab the quokka.
You pierce the quokka, but do no damage.
You constrict the quokka, but do no damage.
The quokka barely misses you.
You barely miss the quokka. You constrict the quokka. The quokka bites you.
You tentacle-slap the quokka. You squeeze the quokka.
You kill the quokka!
You tentacle-slap the worm. You grab the worm.
The worm is lightly wounded.
You constrict the worm. The worm bites you!
Ouch! That really hurt!
You die...

## # . # ...#..# .#...#.
...#... .#..?#w## #####
...#...@# #...# #...#..#
#...####### ...#..?.#
#...'......
.#...#..######...#######
.$.#.........#...#
.#......####.#...#
..#####.# #.....# . #.#
##....# #.# #....#


You could see a worm.

Vanquished Creatures
  An ooze (D:1)
  3 bats (D:1)
  4 goblins
  A hobgoblin (D:1)
  A quokka (D:2)
  2 giant cockroaches (D:1)
  2 giant newts (D:1)
  2 kobolds (D:1)
  A rat (D:2)
17 creatures vanquished.

Notes
Turn   | Place    | Note
--------------------------------------------------------------
     0 | D:1      | Ololoev, the Octopode Transmuter, began the quest for the Orb.
     0 | D:1      | Reached XP level 1. HP: 13/13 MP: 3/3
   486 | D:1      | Reached XP level 2. HP: 16/18 MP: 3/5
   521 | D:1      | Learned a level 2 spell: Sticks to Snakes
  1080 | D:2      | Slain by a worm

Action                   || total
-------------------------++-------
Melee: Unarmed           ||    38
 Cast: Beastly Appendage ||    15
 Stab: Sleeping          ||     1
